 Dungeon Crawl Stone Soup version 0.18-a0-775-g4d9e04e (webtiles) character file.

53 Kolbur the Cutter (level 4, -2/28 HPs)
             Began as a Kobold Berserker on Dec 13, 2015.
             Was a Believer of Trog.
             Shot with a stone by a goblin (7 damage)
             ... led by Robin
             ... on level 2 of the Dungeon.
             The game lasted 00:11:36 (510 turns).

Kolbur the Cutter (Kobold Berserker)                 Turns: 510, Time: 00:11:37

Health: -2/28      AC:  4    Str: 15    XL:     4   Next: 11%
Magic:  4/4        EV: 21    Int:  5    God:    Trog [**....]
Gold:   46         SH:  0    Dex: 21    Spells: 0 memorised, 3 levels left

rFire  + . .     SeeInvis .     a - +0 short sword
rCold  . . .     Clarity  .     b - +0 animal skin
rNeg   . . .     SustAt   .     (shield restricted)
rPois  .         Gourm    .     (no helmet)
rElec  .         Spirit   .     (no cloak)
rCorr  .         Dismiss  .     (no gloves)
rMut   .         Stasis   .     (no boots)
MR     ++...                    (no amulet)
Stlth  ++++......               (no ring)
                                l - ring of protection from fire

@: agile, exhausted, regenerating, slowed, very slow, very resistant to hostile
enchantments, stealthy
A: thin metallic scales 1, carnivore 3
a: Berserk, Trog's Hand, Burn Spellbooks, Renounce Religion


You were on level 2 of the Dungeon.
You worshipped Trog.
Trog was pleased with you.
You were very full.

You visited 1 branch of the dungeon, and saw 3 of its levels.

You collected 46 gold pieces.

Inventory:

Hand Weapons
 a - a +0 short sword (weapon)
 h - a +0 dagger
Missiles
 e - 9 poisoned needles
 g - 11 silver sling bullets
 m - 11 sling bullets of frost
 n - 13 stones (quivered)
Armour
 b - a +0 animal skin (worn)
Jewellery
 l - a ring of protection from fire (left hand)
Scrolls
 i - a scroll of recharging
Comestibles
 c - a meat ration
 k - a slice of pizza


   Skills:
 - Level 3.2 Fighting
 + Level 5.2 Short Blades
 - Level 1.5 Armour
 - Level 2.4 Dodging
 + Level 3.4 Stealth


You had 3 spell levels left.
You didn't know any spells.

Dungeon Overview and Level Annotations

Branches:
Dungeon (3/15)

Altars:
Nemelex Xobeh
Pakellas

Annotations:
D:3 homeworkjunkie's ghost, amateur HOFi


Innate Abilities, Weirdness & Mutations

You are small and have problems with some larger weapons.
You are carnivorous and can eat meat at any time.
You are partially covered in thin metallic scales (AC +2).


Message History

Thin metallic scales grow over part of your body.
You feel fantastic! The goblin misses you. The goblin completely misses you.
Your skin crawls.
You feel resistant to hostile enchantments.
You feel slightly less full. The goblin barely misses you.
You hit the goblin.
The goblin is severely wounded.
The goblin misses you.
You barely miss the goblin.
The goblin is severely wounded.
The goblin closely misses you.
You puncture the goblin!
You kill the goblin!
Trog accepts your kill.
The goblin shoots a stone.
The stone hits you.
* * * LOW HITPOINT WARNING * * *
The hobgoblin hits you.
* * * LOW HITPOINT WARNING * * *
The goblin shoots a stone.
The stone hits you!
You die...

#..................
#..........####..#.
#................#.
####.###.÷#####.... #..#
##...###..#. ##.##
###........ #.. ####.%..<
##.# ##......#. #g@#
#$.#..###. #.##
###.#..>.((. #g#
####..........g
####r###...........##.
#...?...g.............
#....#.g.†##(.....##.###.
#.........()..g..........
#........######..........
#........# #...##[.....


You could see a hobgoblin, 2 goblins and a rat.

Vanquished Creatures
  Robin (D:2)
  A worm (D:2)
  5 bats
  3 giant cockroaches
  8 goblins (D:2)
  2 hobgoblins (D:2)
  4 jackals
  4 kobolds (D:2)
  2 quokkas
  2 giant geckos (D:3)
  A giant newt (D:2)
  3 rats
36 creatures vanquished.

Notes
Turn   | Place    | Note
--------------------------------------------------------------
     0 | D:1      | Kolbur the Kobold Berserker began the quest for the Orb.
     0 | D:1      | Reached XP level 1. HP: 14/14 MP: 1/1
    19 | D:1      | Reached skill level 1 in Stealth
    71 | D:1      | Reached XP level 2. HP: 10/19 MP: 2/2
   224 | D:2      | Found an oddly glowing altar of Pakellas.
   311 | D:2      | Noticed Robin
   322 | D:3      | Reached XP level 3. HP: 16/23 MP: 3/3
   332 | D:3      | Reached ** piety under Trog
   385 | D:3      | Found a sparkling altar of Nemelex Xobeh.
   385 | D:3      | Noticed homeworkjunkie's ghost (amateur HOFi)
   493 | D:2      | Killed Robin
   493 | D:2      | Reached skill level 5 in Short Blades
   493 | D:2      | Reached XP level 4. HP: 3/28 MP: 4/4
   504 | D:2      | Gained mutation: You are partially covered in thin metallic scales (AC +2). [potion of beneficial mutation]
   510 | D:2      | Shot with a stone by a goblin

Vault maps used:
D:1:      tarquinn_simple_flora_water_b
D:2:      grunt_pakellas_basics, first_bread, uniq_robin
D:3:      kennysheep_six_static_rooms, minitemple,
          nemelex_xobeh_ov_fountains_minmay

Action                   |  1- 3 |  4- 6 || total
-------------------------+-------+-------++-------
Melee: Short sword       |   104 |     7 ||   111
Invok: Berserk           |     5 |       ||     5
       Trog's Hand       |       |     1 ||     1
  Use: Scroll            |     2 |       ||     2
       Potion            |       |     2 ||     2
 Stab: Sleeping          |     3 |       ||     3
  Eat: Chunk             |    11 |       ||    11

Vault maps used:
D:1:      tarquinn_simple_flora_water_b
D:2:      grunt_pakellas_basics, first_bread, uniq_robin
D:3:      kennysheep_six_static_rooms, minitemple,
          nemelex_xobeh_ov_fountains_minmay

Table legend:
 A = Turns spent in this place as a percentage of turns spent in the entire game.
 B = Non-inter-level travel turns spent in this place as a percentage of non-inter-level travel turns spent in the entire game.
 C = Inter-level travel turns spent in this place as a percentage of turns spent in this place.
 D = Turns resting spent in this place as a percentage of non-inter-level travel turns spent in this place.
 E = Turns spent auto-exploring this place as a percentage of non-inter-level travel turns spent in this place.
 F = Non-inter-level travel turns spent in this place divided by the number of levels of this place that you've seen.
                   A       B       C       D       E      F
               +-------+-------+-------+-------+-------+----------------------
         Total | 100.0 | 100.0 |   0.0 |   0.4 |   0.0 | 173.0
       Dungeon | 100.0 | 100.0 |   0.0 |   0.4 |   0.0 | 173.0
               +-------+-------+-------+-------+-------+----------------------
